 Dungeon Crawl Stone Soup version 0.25.1-2-g60ff931 (webtiles) character file.

Game seed: 16320370851975748296

23 FuckEEEEEE2 the Magician (level 2, -1/15 HPs)
             Began as a Deep Elf Fire Elementalist on Aug 1, 2020.
             Slain by a quokka (2 damage)
             ... on level 2 of the Dungeon.
             The game lasted 00:07:38 (1850 turns).

FuckEEEEEE2 the Magician (DEFE)                     Turns: 1850, Time: 00:07:39

Health: -1/15      AC:  4    Str:  5    XL:     2   Next: 75%
Magic:  7/9        EV: 12    Int: 19    God:
Gold:   41         SH:  0    Dex: 15    Spells: 8/9 levels left

rFire    . . .     SeeInvis .   e - +0 dagger (vamp)
rCold    . . .     Gourm    .   (no shield)
rNeg     . . .     Faith    .   d - +0 leather armour
rPois    .         Spirit   .   (no helmet)
rElec    .         Reflect  .   (no cloak)
rCorr    .         Harm     .   (no gloves)
MR       .....                  j - +0 pair of boots
Stlth    ++........             (no amulet)
HPRegen  0.05/turn              (no ring)
MPRegen  0.11/turn              (no ring)

@: very slightly contaminated
A: no striking features
a: no special abilities


You were on level 2 of the Dungeon.
You were not hungry.

You visited 1 branch of the dungeon, and saw 2 of its levels.

You collected 41 gold pieces.

Inventory:

Hand Weapons
 e - a +0 vampiric dagger (weapon)
 f - a +0 dagger
Missiles
 b - 49 stones (quivered)
 g - 24 arrows
 h - 2 silver javelins
 k - 22 bolts
Armour
 a - a +1 robe
 d - a +0 leather armour (worn)
 j - a +0 pair of boots (worn)
Comestibles
 c - 2 rations
 i - a chunk of flesh


   Skills:
 - Level 2.4 Dodging
 - Level 2.4 Stealth
 * Level 4.0 Spellcasting
 + Level 1.7 Conjurations
 + Level 3.5 Fire Magic


You had 8 spell levels left.
You knew the following spells:

 Your Spells              Type           Power        Failure   Level  Hunger
a - Foxfire               Conj/Fire      ##..         8%          1    None

Your spell library contained the following spells:

 Spells                   Type           Power        Failure   Level  Hunger
 Conjure Flame            Conj/Fire      ##......     22%         3    ###....
 Inner Flame              Hex/Fire       ##......     32%         3    ###....
 Sticky Flame             Conj/Fire      ##......     58%         4    ####...
 Fireball                 Conj/Fire      ##........   91%         5    ######.


Dungeon Overview and Level Annotations

Branches:
Dungeon (2/15)

Altars:


Message History

You conjure some foxfire!
The kobold hits you with a +1 mace of protection.
The quokka bites you but does no damage.
Your foxfire dissipates!
The foxfire hits the kobold.
The kobold is severely wounded.
The quokka bites you.
* * * LOW HITPOINT WARNING * * *
The kobold hits you but does no damage. The quokka completely misses you.
The quokka bites you.
* * * LOW HITPOINT WARNING * * *
There is an open door here.
Casting: Foxfire (safe; 8% risk of failure)
Confirm with . or Enter, or press ? or * to list all spells.
You conjure some foxfire!
The quokka barely misses you.
Your foxfire dissipates!
The foxfire hits the quokka.
The quokka is almost dead.
The quokka bites you.
You die...

###### #..# .....# #..# .....#
#.## .....# #.# .....# #.# .....#
#.# .....# #####K## .....#
#....r.# .....# #....@.# .....#
#......#
.....#######......########+++####
..................##...#........#
##...............###...#.........
#.........รท.........#>..........
#..............####.#....###.###
#..............# ###....### ##
#..............# #......# #.


You could see a quokka and a kobold.

Vanquished Creatures
  3 leopard geckos
  A ball python (D:1)
  2 giant cockroaches (D:2)
  2 goblins (D:1)
  3 hobgoblins
  3 jackals (D:1)
  A frilled lizard (D:1)
  2 kobolds (D:1)
17 creatures vanquished.

Vanquished Creatures (others)
  50 foxfires
50 creatures vanquished.

Grand Total: 67 creatures vanquished

Notes
Turn   | Place    | Note
-------+----------+-------------------------------------------
     0 | D:1      | FuckEEEEEE2 the Deep Elf Fire Elementalist began the quest
                  | for the Orb.
     0 | D:1      | Reached XP level 1. HP: 10/10 MP: 6/6
   399 | D:1      | Reached XP level 2. HP: 15/15 MP: 1/8
  1755 | D:2      | Reached skill level 4 in Spellcasting
  1850 | D:2      | Slain by a quokka

Illustrated notes

Levels and vault maps discovered:
D:1:      dpeg_arrival_water_temple_mockup, layout_basic
D:2:      layout_basic, nemelex_altar_shiori

Skill      XL: |  1  2 |
---------------+-------+-----
Spellcasting   | 4 |  4.0
Dodging        | |  2.4
Stealth        | |  2.4
Conjurations   | |  1.7
Fire Magic     | |  3.5

Action                   || total
-------------------------++-------
Melee: Dagger            ||    39
 Cast: Foxfire           ||    35
  Use: Scroll            ||     2
  Eat: Ration            ||     1
Armor: Leather armour    ||     5
       Robe              ||     3
Dodge: Dodged            ||    38
